cohdb
Replays
Latest Replays
All Replays
Popular Replays
Top Player Replays
Match Explorer
How It Works
Community
CoH3 Stats
Reddit
Sign in to upload your games and track your stats! →
Sign in with Steam
Match 45906531
Unlisted
Match 45906531
Overview
Messages
Build Orders
End
Pioneer Squad
Construct Infanterie Kompanie
MG 42 Machine Gun Team
Selects Breakthrough Battlegroup
Selects Assault Grenadiers
Grenadier Squad
Grenadier Squad
Construct Panzergrenadier Kompanie
Selects Smoke Bombing Run
Panzergrenadier Squad
Pak 40 Anti-tank Gun Team
Medical Station
Selects Mechanized Assault Group
Mechanized Assault Group
Construct Panzer Kompanie
Selects Rapid Production
Stoßtruppen Squad
Smoke Bombing Run
Panzer IV Medium Tank
Selects Blitzkrieg
Smoke Bombing Run
Panzer IV Medium Tank
Smoke Bombing Run
Smoke Bombing Run
Selects Tiger Heavy Tank
Tiger Heavy Tank
✠Kaiser✠ tushkan
Alfonso
0
0
Comments
sign in to comment!
No comments posted yet!